 Dungeon Crawl Stone Soup version 0.31-a0-818-ge7c7cf74f0 (webtiles) character file.

Game seed: 4236174636255078807

61 pokeman the Magician (level 3, -8/20 HPs)
             Began as a Deep Elf Hedge Wizard on Sept 22, 2023.
             Mangled by a sleepcap (21 damage)
             ... on level 3 of the Dungeon.
             The game lasted 00:02:30 (2293 turns).

pokeman the Magician (Deep Elf Hedge Wizard)        Turns: 2293, Time: 00:02:31

Health: -8/20      AC:  3    Str:  7    XL:     3   Next: 83%
Magic:  3/11       EV:  2    Int: 20    God:
Gold:   82         SH:  0    Dex: 14    Spells: 4/12 levels left

rFire   . . .        a - +0 dagger
rCold   . . .        (no shield)
rNeg    . . .        b - +0 robe
rPois   .            c - +0 hat
rElec   .            n - +0 cloak
rCorr   .            (no gloves)
SInv    .            (no boots)
Will    .....        (no amulet)
Stlth   ++           (no ring)
HPRegen 0.23/turn    (no ring)
MPRegen 0.12/turn

%: no passive effects
@: sleeping
A: no striking features
a: no special abilities


You were on level 3 of the Dungeon.
You visited 1 branch of the dungeon, and saw 3 of its levels.

You collected 82 gold pieces.

Inventory:

Hand Weapons
 a - a +0 dagger (weapon)
Missiles
 m - a throwing net
Armour
 b - a +0 robe (worn)
 c - a +0 hat (worn)
 n - a +0 cloak (worn)
Scrolls
 e - 3 scrolls of identify {unknown}
 f - 2 scrolls of teleportation {unknown}
 g - 2 scrolls of enchant weapon {unknown}
 h - a scroll of revelation {unknown}
 j - a scroll of vulnerability {unknown}
 k - a scroll of fear {unknown}
 o - a scroll of amnesia {unknown}
 p - a scroll of immolation {unknown}
 q - a scroll of noise {unknown}
Potions
 d - a potion of magic
 i - a potion of haste {unknown}
 l - a potion of curing {unknown}


   Skills:
 - Level 1.0 Fighting
 - Level 1.0 Armour
 + Level 2.5 Dodging
 + Level 2.5 Stealth
 * Level 5.4 Spellcasting
 + Level 2.0 Conjurations
 - Level 1.1 Summonings
 - Level 1.1 Translocations


You had 4 spell levels left.
You knew the following spells:

 Your Spells              Type           Power      Damage    Failure   Level
a - Magic Dart            Conj           52%        1d5       4%          1
b - Mephitic Cloud        Conj/Pois/Air  8%         N/A       26%         3
c - Call Imp              Summ           18%        N/A       11%         2
d - Blink                 Tloc           18%        N/A       11%         2

Your spell library contained the following spells:

 Spells                   Type           Power      Damage    Failure   Level
 Slow                     Hex            20%        N/A       11%         1
 Cigotuvi's Dreadful Rot  Necr/Pois/Air  10%        N/A       17%         2


Dungeon Overview and Level Annotations

Branches:
Dungeon (3/15)

Altars:


Message History

The bat barely misses you.
Casting: Magic Dart (safe; 4% risk of failure)
Confirm with . or Enter, or press ? or * to list all spells.
Aiming: Magic Dart (safe; 4% risk of failure)
Press: ? - help, Shift-Dir - straight line, f/p - sleepcap
Aim: a sleepcap (lightly damaged, 100% to hit)
The magic dart hits the sleepcap but does no damage.
The sleepcap is lightly damaged.
The bat closely misses you.
Casting: Magic Dart (safe; 4% risk of failure)
Confirm with . or Enter, or press ? or * to list all spells.
Aiming: Magic Dart (safe; 4% risk of failure)
Press: ? - help, Shift-Dir - straight line, f/p - sleepcap
Aim: a sleepcap (lightly damaged, 100% to hit)
The magic dart hits the bat.
You kill the bat!
Casting: Magic Dart (safe; 4% risk of failure)
Confirm with . or Enter, or press ? or * to list all spells.
Aiming: Magic Dart (safe; 4% risk of failure)
Press: ? - help, Shift-Dir - straight line, f/p - sleepcap
Aim: a sleepcap (lightly damaged, 100% to hit)
The magic dart hits the sleepcap but does no damage.
The sleepcap is lightly damaged.
Casting: Magic Dart (safe; 4% risk of failure)
Confirm with . or Enter, or press ? or * to list all spells.
Aiming: Magic Dart (safe; 4% risk of failure)
Press: ? - help, Shift-Dir - straight line, f/p - sleepcap
Aim: a sleepcap (lightly damaged, 100% to hit)
The magic dart hits the sleepcap but does no damage.
The sleepcap is lightly damaged.
The sleepcap closely misses you.
Casting: Magic Dart (safe; 4% risk of failure)
Confirm with . or Enter, or press ? or * to list all spells.
A tiny devil pulls itself out of the air.
The sleepcap releases spores at you!
You are engulfed in a cloud of soporific spores!
You fall asleep.
The sleepcap releases spores at you!!
Ouch! That really hurt!
You die...

#.##############
.............<.# #
.#####.######.# #.
#.# #.# ###..
####.#### #.#
.....##.....5.# #.#
##...#.##.##@# #.#
##......##.##f# #.#
#........#<##.###.#
#.................#
#........####.#####
##.....<## #.#
##...### ... ##+#
...


You could see a sleepcap (ally target) and a friendly cerulean imp (summoned).

Vanquished Creatures
  2 adders (D:2)
  A worm (D:2)
  A dart slug (D:2)
  2 endoplasms (D:1)
  3 giant cockroaches (D:2)
  7 hobgoblins
  4 jackals (D:1)
  2 quokkas
  A ball python (D:2)
  A bat (D:3)
  3 frilled lizards
  4 goblins
  4 kobolds
35 creatures vanquished.

Notes
Turn   | Place    | Note
-------+----------+-------------------------------------------
     0 | D:1      | pokeman the Deep Elf Hedge Wizard began the quest for the
                  | Orb.
     0 | D:1      | Reached XP level 1. HP: 10/10 MP: 7/7
     2 | D:1      | You fall into a shaft and drop 1 floor!
   122 | D:2      | Reached XP level 2. HP: 16/16 MP: 3/9
   234 | D:2      | Reached skill level 5 in Spellcasting
   342 | D:2      | Reached XP level 3. HP: 12/20 MP: 0/11
   346 | D:2      | Learned a level 3 spell: Mephitic Cloud
   349 | D:2      | Learned a level 2 spell: Call Imp
   352 | D:2      | Learned a level 2 spell: Blink
  1102 | D:1      | Found a faded altar of an unknown god.
  1136 | D:1      | Reached skill level 1 in Armour
  1449 | D:1      | Reached skill level 1 in Fighting
  2293 | D:3      | Mangled by a sleepcap

Illustrated notes

Levels and vault maps discovered:
D:1:      scummos_arrival_checkerplants, layout_loops_cross,
          shapermc_ecumenical_altar_starsandcircs
D:2:      layout_basic
D:3:      layout_loops_corners

Skill      XL: |  1  2  3 |
---------------+----------+-----
Spellcasting   | 5 |  5.4
Armour         | 1 |  1.0
Conjurations   | 2 |  2.0
Fighting       | 1 |  1.0
Dodging        | |  2.5
Stealth        | |  2.5
Summonings     | |  1.1
Translocations | |  1.1

Action                     || total
---------------------------++-------
  Melee: Dagger            ||    18
   Cast: Magic Dart        ||   106
         Call Imp          ||     2
   Stab: Sleeping          ||     1
 Armour: Robe              ||    13
  Dodge: Dodged            ||    16

Table legend: (Time is in decaauts)
 A = Elapsed time spent in this place.
 B = Non-inter-level travel time spent in this place.
 C = Inter-level travel time spent in this place.
 D = Time resting spent in this place.
 E = Time spent auto-exploring this place.
 F = Levels seen in this place.
 G = Mean time per level.
                   A        B        C        D        E       F      G
               +--------+--------+--------+--------+--------+-----+--------+
         Total |   2292 |   2205 |     87 |      8 |   1935 |   3 |  764.0 |
       Dungeon |   2292 |   2205 |     87 |      8 |   1935 |   3 |  764.0 |
               +--------+--------+--------+--------+--------+-----+--------+

Top non-repeatable levels by time:
     D:2: 1333 daAuts
     D:1: 902 daAuts
     D:3: 56 daAuts
